 Dungeon Crawl Stone Soup version 0.29-a0-378-gc08b2e8bf8 (webtiles) character file.

Game seed: 2350171463350322358

311672 siradein the Cloud Mage (level 20, -6/161 HPs)
             Began as a Black Draconian Air Elementalist on May 4, 2022.
             Was the Champion of Vehumet.
             Killed from afar by a crystal guardian (54 damage)
             ... with a crystal bolt
             ... in the Desolation of Salt on May 5, 2022.
             The game lasted 05:06:27 (67968 turns).

siradein the Cloud Mage (DrAE)                     Turns: 67968, Time: 05:06:27

Health: -6/161     AC: 21    Str: 12    XL:     20   Next: 42%
Magic:  37/40      EV: 17    Int: 22    God:    Vehumet [******]
Gold:   2399       SH: 27    Dex: 23    Spells: 22/52 levels left

rFire   . . .      SeeInvis .   Y - +8 mithril axe "Arga" {speed, Will+}
rCold   + + +      Faith    .   y - +3 tower shield
rNeg    + + +      Spirit   .   (body armour unavailable)
rPois   +          Reflect  +   h - +2 hat
rElec   +          Harm     .   D - +2 cloak {Will+}
rCorr   .          Rampage  .   Q - +2 pair of gloves "Soneythro" {rN++}
Will    ++++.                   i - +2 pair of boots
Stlth   ++++++....              K - amulet "Kuits" {Reflect rF- rC+++ Regen+ Slay-3 SH+5}
HPRegen 1.16/turn               o - ring of Hap Inku {rN+ Dex+6}
MPRegen 0.27/turn               z - ring "Naturghawk" {rPois rF+ Will+ Dex+4 Stlth+}

@: flying, studying Unarmed Combat
A: breathe lightning, AC +10, unfitting armour, big wings, electricity
resistance, cold-blooded
}: 2/15 runes: serpentine, barnacled
a: Breathe Lightning, Renounce Religion


You were in the Desolation of Salt.
You worshipped Vehumet.
Vehumet was exalted by your worship.
You visited 7 branches of the dungeon, and saw 36 of its levels.
You also visited: Ossuary, Bailey, Ice Cave and Desolation.

You collected 3956 gold pieces.
You spent 1557 gold pieces at shops.

Inventory:

Hand Weapons
 Y - the +8 mithril axe "Arga" (weapon) {speed, Will+}
   (You took it off a spriggan on level 6 of the Lair of Beasts)

   Attacks with this weapon are significantly faster.
   Will:      It increases your willpower.
Armour
 h - a +2 hat (worn)
 i - a +2 pair of boots (worn)
 y - a +3 tower shield (worn)
 D - a +2 cloak of willpower (worn)
 Q - the +2 pair of gloves "Soneythro" (worn) {rN++}
   (You bought it in a shop on level 13 of the Dungeon)

   rN:        It greatly protects you from negative energy.
Magical Staves
 v - a staff of conjuration
Jewellery
 m - the ring of Upnug {Fly rN++ Dex-4}
   (You found it in the Desolation of Salt)

   [ring of flight]

   Dex:       It affects your dexterity (-4).
   rN:        It greatly protects you from negative energy.
   Fly:       It grants you flight.
 o - the ring of Hap Inku (left hand) {rN+ Dex+6}
   (You found it on level 3 of the Dungeon)

   [ring of dexterity]

   Dex:       It affects your dexterity (+6).
   rN:        It protects you from negative energy.
 s - the amulet of the Distant Future {Faith *Corrode rC+ Will+}
   (You took it off an ironbound convoker in the Desolation of Salt)

   [amulet of faith]

   It allows you to gain divine favour quickly.
   rC:        It protects you from cold.
   *Corrode:  It may corrode you when you take damage.
   Will:      It increases your willpower.
 z - the ring "Naturghawk" (right hand) {rPois rF+ Will+ Dex+4 Stlth+}
   (You found it on level 13 of the Dungeon)

   [ring of willpower]

   Dex:       It affects your dexterity (+4).
   rF:        It protects you from fire.
   rPois:     It protects you from poison.
   Will:      It increases your willpower.
   Stlth:     It makes you more stealthy.
 B - a +6 ring of intelligence
 H - the ring of Qiruum {Ice rN+ Str+3 Int+5 Stlth-}
   (You found it in the Desolation of Salt)

   [ring of ice]

   It enhances your ice magic.
   Str:       It affects your strength (+3).
   Int:       It affects your intelligence (+5).
   rF:        It makes you vulnerable to fire.
   rC:        It protects you from cold.
   rN:        It protects you from negative energy.
   Stlth:     It makes you less stealthy.
 K - the amulet "Kuits" (around neck) {Reflect rF- rC+++ Regen+ Slay-3 SH+5}
   (You found it in the Desolation of Salt)

   [amulet of reflection]

   It reflects blocked missile attacks.
   Slay:      It affects your accuracy & damage with ranged weapons and melee
   (-3).
   rF:        It makes you vulnerable to fire.
   rC:        It renders you almost immune to cold.
   Regen:     It increases your rate of health regeneration.
   SH:        It affects your SH (+5).
 P - a ring of protection from fire
 T - an amulet of magic regeneration
 U - a ring of see invisible
Wands
 j - a wand of paralysis (15)
 l - a wand of iceblast (21)
 u - a wand of charming (13)
 C - a wand of flame (66)
 O - a wand of mindburst (7)
 S - a wand of polymorph (16)
 V - a wand of digging (12)
 W - a wand of acid (9)
Scrolls
 d - 16 scrolls of teleportation
 e - 6 scrolls of immolation
 f - 7 scrolls of amnesia
 k - 9 scrolls of fog
 n - a scroll of summoning
 x - 7 scrolls of fear
 G - 7 scrolls of magic mapping
 J - 2 scrolls of brand weapon
 L - 2 scrolls of silence
 R - 13 scrolls of enchant weapon
Potions
 a - 2 potions of magic
 b - 23 potions of curing
 c - 8 potions of brilliance
 g - 4 potions of berserk rage
 p - 7 potions of heal wounds
 q - 9 potions of haste
 t - 3 potions of invisibility
 w - 4 potions of resistance
 A - 4 potions of might
 F - a potion of cancellation
 M - 5 potions of ambrosia
 X - 5 potions of mutation
Miscellaneous
 r - a phial of floods
 E - a phantom mirror
 I - a condenser vane
 N - a lightning rod (4/4)
 Z - a box of beasts


   Skills:
 - Level 10.0 Fighting
 - Level 10.0 Dodging
 - Level 10.0 Stealth
 - Level 10.0 Shields
 + Level 16.5 Spellcasting
 + Level 17.8 Conjurations
 - Level 5.0 Translocations
 + Level 8.0 Ice Magic
 + Level 21.0 Air Magic
 - Level 10.0 Evocations


You had 22 spell levels left.
You knew the following spells:

 Your Spells              Type           Power      Damage    Failure   Level
a - Freezing Cloud        Conj/Ice/Air   36%        6-21      1%          5
b - Lightning Bolt        Conj/Air       40%        1d59      1%          5
c - Swiftness             Air            84%        N/A       0%          3
e - Mephitic Cloud        Conj/Pois/Air  66%        N/A       1%          3
f - Fulminant Prism       Conj/Hex       27%        3d14      1%          4
g - Static Discharge      Conj/Air       80%        N/A       0%          2
h - Conjure Ball Lightni  Conj/Air       40%        3x3d13    1%          6
j - Blink                 Tloc           80%        N/A       3%          2

Your spell library contained the following spells:

 Spells                   Type           Power      Damage    Failure   Level
 Lehudib's Crystal Spear  Conj/Erth      27%        10d7      99%         8
 Polar Vortex             Ice            26%        N/A       100%        9
 Shatter                  Erth           9%         3d11*     100%        9
 Shock                    Conj/Air       100%       1d9       0%          1
 Freeze                   Ice            100%       1d11      1%          1
 Corpse Rot               Necr/Air       100%       N/A       1%          2
 Dazzling Flash           Conj/Hex       100%       N/A       1%          3
 Frozen Ramparts          Ice            100%       1d12      1%          3
 Ozocubu's Armour         Ice            52%        N/A       1%          3
 Stone Arrow              Conj/Erth      100%       3d13      1%          3
 Airstrike                Air            42%        N/A       1%          4
 Hailstorm                Conj/Ice       66%        3d14      1%          4
 Iskenderun's Mystic Bla  Conj/Tloc      62%        2d13      1%          4
 Sticky Flame             Conj/Fire      55%        2d7       1%          4
 Apportation              Tloc           80%        N/A       2%          1
 Irradiate                Conj/Tmut      27%        3d22      4%          5
 Sandblast                Erth           36%        2d10      5%          1
 Lesser Beckoning         Tloc           40%        N/A       8%          3
 Ignite Poison            Fire/Tmut/Pois 18%        N/A       16%         3
 Animate Skeleton         Necr           36%        N/A       19%         1
 Summon Small Mammal      Summ           72%        N/A       19%         1
 Starburst                Conj/Fire      27%        6d9       19%         6
 Portal Projectile        Hex/Tloc       58%        N/A       21%         3
 Passwall                 Tmut/Erth      15%        N/A       28%         2
 Sublimation of Blood     Necr           18%        N/A       28%         2
 Call Canine Familiar     Summ           18%        N/A       50%         3
 Tukima's Dance           Hex            18%        N/A       50%         3
 Manifold Assault         Tloc           40%        N/A       56%         5
 Lee's Rapid Deconstruct  Erth           9%         3d8*      75%         5
 Yara's Violent Unravell  Hex/Tmut       9%         3d6       75%         5
 Anguish                  Hex/Necr       9%         N/A       88%         4
 Dispel Undead            Necr           18%        3d11      88%         4
 Leda's Liquefaction      Hex/Erth       9%         N/A       88%         4
 Petrify                  Tmut/Erth      18%        N/A       88%         4
 Summon Forest            Summ/Tloc      14%        N/A       88%         5
 Dispersal                Tloc           20%        N/A       98%         6
 Blade Hands              Tmut           9%         N/A       99%         5
 Summon Mana Viper        Hex/Summ       18%        N/A       99%         5
 Eringya's Noxious Bog    Tmut/Pois      9%         N/A       99%         6
 Death Channel            Necr           9%         N/A       100%        6
 Dragon Form              Tmut           9%         N/A       100%        7
 Enfeeble                 Hex            9%         N/A       100%        7
 Summon Hydra             Summ           9%         N/A       100%        7
 Disjunction              Tloc           20%        N/A       100%        8
 Fire Storm               Conj/Fire      27%        8d7       100%        9


Dungeon Overview and Level Annotations

Branches:
Dungeon (15/15)            Temple (1/1) D:4            Lair (6/6) D:8
 Shoals (4/4) Lair:4        Snake (4/4) Lair:4        Slime (0/5) Lair:5
    Orc (2/2) D:12            Elf (0/3) Orc:2        Vaults (4/5) D:14
  Crypt (0/3) Vaults:2     Depths (0/4) D:15        Ossuary (visited)
 Bailey (visited)           IceCv (visited)         Desolation (1/1)

Altars:
Ashenzari
Cheibriados
Dithmenos
Elyvilon
Gozag
Kikubaaqudgha
Makhleb
Okawaru
Sif Muna
Trog
Uskayaw
Vehumet
Wu Jian
Yredelemnul
Zin
The Shining One
Jiyva
Lugonu

Shops:
D:6 :   D:13 [   Orc:1 (   Orc:2 ((::   Snake:4 (   Vaults:3 !

Portals:
Abyss: Lair:6

Annotations:
Vaults:2 domi's ghost, adept DsWz


Innate Abilities, Weirdness & Mutations

You can breathe wild blasts of lightning.
Your glossy black scales are hard. (AC +10)
You cannot fit into any form of body armour.
Your large and strong wings let you fly.
You are resistant to electric shocks. (rElec)
You are cold-blooded and may be slowed by cold attacks.


Message History

The crystal guardian closely misses you.
You hit the crystal guardian but do no damage.
You tail-slap the crystal guardian, but do no damage.
The crystal guardian is heavily damaged.
The crystal guardian glitters, brittle, in the dim dungeon light.
The crystal guardian fires a crystalline bolt at you.
The crystal bolt misses you.
The crystal guardian fires a crystalline bolt at you.
The crystal bolt burns you!!
You slash the crystal guardian!
The crystal guardian is severely damaged.
The crystal guardian fires a crystalline bolt at you.
The crystal bolt burns you!!
You hit the crystal guardian but do no damage.
You tail-slap the crystal guardian, but do no damage.
The crystal guardian is severely damaged.
The crystal guardian barely misses you.
You hit the crystal guardian.
You tail-slap the crystal guardian, but do no damage.
The crystal guardian is severely damaged.
The crystal guardian hits you!
* * * LOW HITPOINT WARNING * * *
The crystal guardian misses you.
You hit the crystal guardian but do no damage.
The crystal guardian is heavily damaged.
You block the crystal guardian's attack.
The crystal guardian attacks as you move away!
You block the crystal guardian's attack.
The crystal guardian fires a crystalline bolt at you.
The crystal bolt freezes you. You resist.
* * * LOW HITPOINT WARNING * * *
The crystal guardian fires a crystalline bolt at you.
The crystal bolt misses you.
Casting: Freezing Cloud (mildly dangerous; 1% risk of failure)
Confirm with . or Enter, or press ? or * to list all spells.
You blink.
You feel stable enough to blink again.
The crystal guardian fires a crystalline bolt at you.
The crystal bolt burns you!!!
You die...

.§....................##..##...#.
§§....................##..##.....
.§.....§..9......8.##)...##......
.§....§§............##.!##.......
§§....§§.............####....§§§§
.§.§..§...............##.§§§§§§§§
.§§§.....................§.§§§§§§
§§§....§§.....#.............§§§§§
§§.§§.....##....@............)§§.
§§§.................##.........§.
§§§§§§..............#............
§§§§§§...........................
#################################
#################################
#################################
#################################
#################################


You could see a crystal guardian.

Vanquished Creatures
  Jorgrun (Snake:1)
  2 krakens (Shoals:1)
  Frances (D:14)
  2 sphinxes
  Kirke (D:13)
  3 tengu reavers
  A rockslime (IceCv)
  3 azure jellies (IceCv)
  4 nagarajas (Snake:4)
  A frost giant (Vaults:2)
  Aizul (Snake:3)
  Louise (Snake:3)
  An orc warlord (Vaults:2)
  16 ironbound preservers
  10 vault wardens
  A caustic shrike zombie (D:15)
  A juggernaut skeleton (D:15)
  2 stone giants (Vaults:3)
  3 ironbound thunderhulks
  4 quicksilver oozes (IceCv)
  The ghost of Antichthon the Protected, a journeyman DDFi of Makhleb (Lair:5)
  3 halazid warlocks (Desolation)
  4 entropy weavers
  3 minotaurs (Shoals:4)
  9 dire elephants
  4 merfolk impalers
  3 ettins
  2 green deaths (Snake:1)
  5 yaktaur captains
  3 ragged hierophants (Desolation)
  6 great orbs of eyes
  2 boulder beetles
  Erolcha (Orc:1)
  4 salamander tyrants
  8 vault guards
  6 peacekeepers
  4 servants of whispers (Desolation)
  5 hydras
  2 merfolk aquamancers
  4 ironbound frosthearts
  3 merfolk avatars
  5 two-headed ogres
  10 anacondas
  7 naga warriors
  14 centaur warriors
  14 satyrs (Shoals:4)
  11 death yaks
  A tengu warrior (D:15)
  4 thrashing horrors (Lair:6)
  5 shock serpents
  13 naga sharpshooters
  An orc high priest (Orc:1)
  Sonja (D:11)
  A salamander mystic (Snake:4)
  A spark wasp zombie (D:15)
  7 sea snakes
  10 skeletal warriors
  45 deep trolls
  An orange crystal statue (IceCv)
  A glowing orange brain (Vaults:3)
  2 wizards
  17 ironbound convokers
  13 naga ritualists
  15 lindwurms
  A phantasmal warrior (D:15)
  2 necromancers
  9 orc knights
  9 harpies
  2 deep elf pyromancers
  5 mana vipers
  4 ugly things
  A wolf spider (shapeshifter) (Vaults:1)
  An oklob plant (Orc:2)
  7 cyclopes
  10 fauns
  A frost giant skeleton (D:15)
  11 salamanders
  18 manticores
  6 merfolk sirens
  A black mamba (shapeshifter) (D:15)
  47 naga magi
  7 elephants
  42 black mambas
  2 smoke demons (Lair:6)
  10 vault sentinels
  5 guardian serpents
  A water nymph (shapeshifter) (Lair:6)
  2 ice statues
  An unseen horror (D:12)
  2 demonic crawlers (D:14)
  4 water nymphs
  A rime drake (Lair:5)
  17 yaktaurs
  20 cane toads
  7 entropy weaver simulacra (IceCv)
  2 tengu conjurers (D:15)
  2 kobold demonologists
  A freezing wraith (Vaults:2)
  14 komodo dragons
  2 ancient zymes (Lair:6)
  3 meliai (D:14)
  An ice devil (Lair:3)
  4 polar bears
  A merfolk (shapeshifter) (D:13)
  2 very ugly thing simulacra (IceCv)
  6 trolls
  13 merfolk
  40 saltlings (Desolation)
  A hornet (Lair:5)
  4 wind drakes
  A tarantella (shapeshifter) (D:15)
  Prince Ribbit (Bailey)
  19 blink frogs
  4 dream sheep (Shoals:3)
  38 slime creatures
  7 snapping turtles
  A spriggan (shapeshifter) (D:9)
  A jumping spider (Vaults:3)
  3 spriggans
  8 water elementals
  6 wraiths
  3 wyverns
  A wyvern (shapeshifter) (Lair:6)
  5 shadows
  52 yaks
  4 humans (Bailey)
  3 large abominations (Lair:6)
  8 basilisks
  A golden eye (shapeshifter) (D:13)
  A redback simulacrum (D:15)
  2 chaos spawn (Lair:6)
  2 steam dragons
  19 vampire mosquitoes
  An elf skeleton (Vaults:2)
  2 wargs
  A demonic crawler simulacrum (IceCv)
  55 nagas
  2 acid dragons
  14 water moccasins
  A floating eye (shapeshifter) (Vaults:1)
  33 orc warriors
  3 ugly thing simulacra (IceCv)
  A human zombie (Vaults:2)
  6 ice beasts
  5 black bears
  A sky beast (D:6)
  30 wolves
  4 boggarts
  5 ogres
  17 centaurs
  A phantom (D:4)
  2 kobold brigands
  A human skeleton (Vaults:2)
  2 necrophages (D:4)
  27 bullfrogs
  A glowing shapeshifter simulacrum (Vaults:2)
  2 scorpions
  4 killer bees
  A howler monkey (D:11)
  3 electric eels
  A crimson imp (D:7)
  5 hounds
  Crazy Yiuf (D:6)
  12 orc priests
  2 jellies
  5 iguanas
  16 orc wizards
  4 hell rats (Lair:3)
  9 small abominations (Lair:6)
  A mummy (Ossuary)
  6 gnolls
  8 adders
  4 shadow imps
  2 white imps (Lair:3)
  2 ufetubi
  2 dart slugs
  63 orcs
  6 ball pythons
  7 bats
  6 endoplasms
  4 giant cockroaches
  6 hobgoblins
  13 jackals
  A jackal (shapeshifter) (Vaults:3)
  11 kobolds
  2 quokkas
  3 training dummies (Orc:1)
  3 frilled lizards
  5 gnoll skeletons (Ossuary)
  10 goblins
  5 kobold skeletons (Ossuary)
  15 orc skeletons (Ossuary)
  3 rats (D:2)
  8 tentacles (Shoals:1)
1358 creatures vanquished.

Vanquished Creatures (collateral kills)
  Donald (Shoals:1)
  10 ball lightnings
11 creatures vanquished.

Vanquished Creatures (others)
  A human (D:7)
  131 ball lightnings
  A bush (Lair:4)
  4 fulminant prisms (Snake:3)
  58 fungi
  171 plants
  17 tentacles (Shoals:1)
  7 withered plants
390 creatures vanquished.

Grand Total: 1759 creatures vanquished

Notes
Turn   | Place    | Note
-------+----------+-------------------------------------------
     0 | D:1      | siradein the Draconian Air Elementalist began the quest for
                  | the Orb.
     0 | D:1      | Reached XP level 1. HP: 14/14 MP: 3/3
   367 | D:1      | Reached XP level 2. HP: 11/20 MP: 0/5
   766 | D:1      | Found a faded altar of an unknown god.
  1276 | D:1      | Reached XP level 3. HP: 20/26 MP: 4/6
  1557 | D:1      | Learned a level 2 spell: Static Discharge
  1561 | D:1      | Learned a level 3 spell: Swiftness
  2197 | D:2      | Reached XP level 4. HP: 33/33 MP: 4/8
  2929 | D:2      | Reached skill level 4 in Air Magic
  3380 | D:3      | Got the Compendium of Transmigration and Dislocation
  3474 | D:3      | Reached XP level 5. HP: 27/38 MP: 3/9
  3635 | D:3      | Found an ornate altar of the Wu Jian Council.
  3783 | D:3      | Identified the ring of Hap Inku {rN+ Dex+6}
  4028 | D:3      | Found a glowing silver altar of Zin.
  4028 | D:3      | Found an opulent altar of Gozag.
  4216 | D:4      | Found a transporter.
  4309 | D:4      | Noticed a phantom
  4321 | D:4      | Killed a phantom
  4550 | D:4      | Noticed a black bear
  4558 | D:4      | Killed a black bear
  4559 | D:4      | Reached XP level 6. HP: 43/45 MP: 4/11
  4890 | D:4      | Found a staircase to the Ecumenical Temple.
  4904 | D:4      | Reached skill level 5 in Air Magic
  4965 | D:4      | Noticed a steam dragon
  4975 | Temple   | Entered the Ecumenical Temple
  5031 | Temple   | Became a worshipper of Vehumet
  5084 | D:4      | Found a transporter.
  5476 | D:4      | Killed a steam dragon
  5477 | D:4      | Your scales start taking on a glossy black colour.
  5477 | D:4      | Reached skill level 6 in Air Magic
  5477 | D:4      | Reached XP level 7. HP: 21/50 MP: 10/13
  5477 | D:4      | Gained mutation: You are resistant to electric shocks.
                  | (rElec) [Black Draconian growth]
  5886 | D:5      | Entered Level 5 of the Dungeon
  5892 | D:5      | Learned a level 4 spell: Airstrike
  6395 | D:5      | Reached skill level 5 in Spellcasting
  6395 | D:5      | Reached skill level 5 in Conjurations
  6395 | D:5      | Reached skill level 7 in Air Magic
  6456 | D:5      | Reached XP level 8. HP: 56/57 MP: 12/15
  6620 | D:5      | Found a basalt altar of Yredelemnul.
  6952 | D:5      | Found a hide-covered altar of Uskayaw.
  7288 | D:6      | Reached skill level 8 in Air Magic
  7376 | D:6      | Noticed a two-headed ogre
  7385 | D:6      | Killed a two-headed ogre
  7386 | D:6      | Reached XP level 9. HP: 10/62 MP: 15/18
  7733 | D:6      | Reached skill level 9 in Air Magic
  8317 | D:6      | Reached * piety under Vehumet
  8317 | D:6      | Offered knowledge of Foxfire by Vehumet.
  8489 | D:6      | Found Oluischovid's Book Shoppe.
  8663 | D:6      | Found a runed translucent door.
  8664 | D:6      | Noticed Crazy Yiuf
  8794 | D:6      | Killed Crazy Yiuf
  9028 | D:7      | Found an ancient bone altar of Kikubaaqudgha.
  9326 | D:7      | Found a burning altar of Makhleb.
  9408 | D:7      | Reached skill level 10 in Air Magic
  9751 | D:7      | Noticed a troll
  9774 | D:7      | Killed a troll
 10161 | D:8      | Found a glowing golden altar of the Shining One.
 10196 | D:8      | Found a sand-covered staircase.
 10202 | Ossuary  | Entered an ossuary
 10213 | Ossuary  | Offered knowledge of Freeze by Vehumet.
 10218 | Ossuary  | Reached ** piety under Vehumet
 10347 | Ossuary  | Reached XP level 10. HP: 56/70 MP: 13/21
 10611 | D:8      | Found a staircase to the Lair.
 10615 | D:8      | Reached skill level 1 in Fighting
 10615 | D:8      | Reached skill level 1 in Evocations
 10616 | D:8      | Reached skill level 1 in Shields
 11027 | D:8      | Found a white marble altar of Elyvilon.
 11027 | D:8      | Found a snail-covered altar of Cheibriados.
 11059 | D:8      | Noticed a lindwurm
 11059 | D:8      | Noticed a lindwurm
 11181 | D:8      | Noticed a lindwurm
 11311 | D:8      | Noticed a lindwurm
 11317 | D:8      | Killed a lindwurm
 11317 | D:8      | Offered knowledge of Mephitic Cloud by Vehumet.
 11322 | D:8      | Learned a level 3 spell: Mephitic Cloud
 11473 | D:8      | Killed a lindwurm
 11638 | D:8      | Killed a lindwurm
 11639 | D:8      | Reached skill level 11 in Air Magic
 11765 | D:8      | Killed a lindwurm
 12657 | D:9      | Identified the +5 falchion of the Elven Halls {elec, rC+
                  | Dex+3}
 12687 | D:9      | Reached XP level 11. HP: 81/82 MP: 19/23
 13385 | D:10     | Entered Level 10 of the Dungeon
 13405 | D:10     | Found a flagged portal.
 13414 | Bailey   | Entered a bailey
 13481 | Bailey   | Reached *** piety under Vehumet
 13694 | Bailey   | Offered knowledge of Inner Flame by Vehumet.
 13696 | Bailey   | Noticed Prince Ribbit
 13719 | Bailey   | Killed Prince Ribbit
 13822 | Bailey   | Noticed a vault guard
 13837 | Bailey   | Killed a vault guard
 13938 | Bailey   | Noticed a vault guard
 13957 | Bailey   | Killed a vault guard
 14269 | D:10     | Found a shimmering blue altar of Sif Muna.
 14270 | D:10     | Found a broken altar of Ashenzari.
 14467 | D:10     | Noticed a two-headed ogre
 14489 | D:10     | Killed a two-headed ogre
 14641 | D:10     | Noticed a two-headed ogre
 14678 | D:10     | Killed a two-headed ogre
 14679 | D:10     | Reached skill level 5 in Fighting
 15000 | D:10     | Noticed a two-headed ogre
 15015 | D:10     | Killed a two-headed ogre
 15465 | D:11     | Reached skill level 12 in Air Magic
 15470 | D:11     | Learned a level 4 spell: Fulminant Prism
 15886 | D:11     | Noticed Sonja
 15897 | D:11     | Killed Sonja
 15898 | D:11     | Reached skill level 5 in Evocations
 15988 | D:11     | Reached XP level 12. HP: 54/94 MP: 20/25
 16185 | D:11     | Reached skill level 5 in Dodging
 16192 | D:11     | Reached skill level 5 in Shields
 16500 | Lair:1   | Entered Level 1 of the Lair of Beasts
 16507 | Lair:1   | Reached **** piety under Vehumet
 16620 | Lair:1   | Offered knowledge of Lightning Bolt by Vehumet.
 16729 | Lair:1   | Reached skill level 10 in Conjurations
 16740 | Lair:1   | Learned a level 5 spell: Lightning Bolt
 17654 | Lair:2   | Noticed a five-headed hydra
 17657 | Lair:2   | Killed a five-headed hydra
 18335 | Lair:2   | Noticed an eight-headed hydra
 18340 | Lair:2   | Killed an eight-headed hydra
 19327 | Lair:3   | Noticed a boulder beetle
 19331 | Lair:3   | Killed a boulder beetle
 19431 | Lair:3   | Reached XP level 13. HP: 105/105 MP: 23/26
 20994 | Lair:3   | Identified the +5 chain mail "Yleov" {rC+ Str+3}
 21122 | Lair:4   | Reached skill level 10 in Spellcasting
 21126 | Lair:4   | Reached ***** piety under Vehumet
 21126 | Lair:4   | Offered knowledge of Conjure Ball Lightning by Vehumet.
 21130 | Lair:4   | Reached skill level 13 in Air Magic
 21137 | Lair:4   | Learned a level 6 spell: Conjure Ball Lightning
 21446 | Lair:4   | Found a staircase to the Snake Pit.
 21918 | Lair:4   | Found a staircase to the Shoals.
 22483 | Lair:5   | You fall into a shaft and drop 1 floor!
 22483 | Lair:6   | Entered Level 6 of the Lair of Beasts
 23168 | Lair:5   | Found a runed translucent door.
 23170 | Lair:5   | Noticed Antichthon's ghost (journeyman DDFi)
 23173 | Lair:5   | Identified the +4 trident of Doom {spect, Str+2}
 23594 | Lair:5   | Identified the +0 ring mail "Aruonu Egin" {*Slow rPois
                  | Int+4}
 23636 | Lair:5   | Found a viscous altar of Jiyva.
 23636 | Lair:5   | Found a staircase to the Slime Pits.
 23908 | Lair:6   | Reached skill level 5 in Stealth
 24399 | Lair:6   | Gained mutation: Your large and strong wings let you fly.
                  | [Black Draconian growth]
 24399 | Lair:6   | Reached XP level 14. HP: 111/116 MP: 26/28
 24410 | Lair:5   | Identified a scroll of acquirement
 24412 | Lair:5   | Acquired a +2 hat
 24425 | Lair:6   | Offered knowledge of Starburst by Vehumet.
 26029 | Lair:6   | Reached skill level 14 in Air Magic
 26657 | Lair:6   | Found a corrupted altar of Lugonu.
 26657 | Lair:6   | Found a one-way gate to the infinite horrors of the Abyss.
 27629 | D:12     | Found a staircase to the Orcish Mines.
 27807 | Orc:1    | Entered Level 1 of the Orcish Mines
 27807 | Orc:1    | Noticed Erolcha
 27815 | Orc:1    | Killed Erolcha
 28504 | Orc:2    | Entered Level 2 of the Orcish Mines
 28876 | Orc:2    | Offered knowledge of Orb of Destruction by Vehumet.
 29532 | Orc:1    | Found Wietiege's Firing Range.
 29654 | Orc:2    | Reached XP level 15. HP: 90/125 MP: 18/30
 29810 | Orc:2    | Found Reiz's Book Emporium.
 29810 | Orc:2    | Found Ituggybo's Antique Weapon Boutique.
 29812 | Orc:2    | Found Jach's Weapon Shop.
 29814 | Orc:2    | Found Dahyc's Book Shoppe.
 29818 | Orc:2    | Bought Sif Muna's Disquisition on Creative Ice for 512 gold
                  | pieces
 29824 | Orc:2    | Learned a level 5 spell: Freezing Cloud
 29832 | Orc:2    | Bought a book of Spatial Translocations for 338 gold pieces
 29835 | Orc:2    | Learned a level 2 spell: Blink
 30535 | Orc:2    | Found a staircase to the Elven Halls.
 30914 | D:13     | Reached skill level 1 in Ice Magic
 31011 | D:13     | Found an iron altar of Okawaru.
 31203 | D:13     | Noticed Kirke
 31206 | D:13     | Killed Kirke
 31380 | D:13     | Found Lioxax's Armour Boutique.
 31393 | D:13     | Bought the +2 pair of gloves "Soneythro" {rN++} for 384
                  | gold pieces
 31730 | D:13     | Identified the ring "Naturghawk" {rPois rF+ Will+ Dex+4
                  | Stlth+}
 32183 | D:14     | Noticed Frances
 32201 | D:14     | Killed Frances
 32642 | D:14     | Identified the +3 halberd "Mein" {vorpal, rN++ Dex-4}
 32813 | D:14     | Reached skill level 10 in Fighting
 32877 | D:14     | Offered knowledge of Iskenderun's Battlesphere by Vehumet.
 33264 | D:14     | Found a gate to the Vaults.
 33482 | D:15     | Entered Level 15 of the Dungeon
 33516 | D:15     | Found a frozen archway.
 33565 | IceCv    | Entered an ice cave
 33915 | IceCv    | Noticed an azure jelly
 33952 | IceCv    | Noticed an azure jelly
 33955 | IceCv    | Killed an azure jelly
 33973 | IceCv    | Noticed an azure jelly
 33984 | IceCv    | Killed an azure jelly
 34541 | IceCv    | Killed an azure jelly
 34956 | IceCv    | Noticed a rockslime
 34977 | IceCv    | Killed a rockslime
 35385 | IceCv    | Found a viscous altar of Jiyva.
 35401 | IceCv    | Reached skill level 15 in Air Magic
 35450 | IceCv    | Identified the amulet "Wieck" {Acrobat MP-9 Slay+3 SInv}
 36369 | D:15     | Reached XP level 16. HP: 90/134 MP: 8/31
 36667 | D:15     | Found a staircase to the Depths.
 37638 | Lair:5   | Killed Antichthon's ghost
 37780 | Shoals:1 | Entered Level 1 of the Shoals
 38351 | Shoals:1 | Noticed a kraken
 38554 | Shoals:1 | Noticed a kraken
 38822 | Shoals:1 | Killed a kraken
 39357 | Shoals:1 | Killed a kraken
 39589 | Shoals:2 | Noticed Donald
 39618 | Shoals:1 | Killed Donald
 39618 | Shoals:1 | Reached ****** piety under Vehumet
 39619 | Shoals:1 | Reached skill level 10 in Evocations
 40686 | Shoals:3 | Reached skill level 5 in Ice Magic
 40687 | Shoals:3 | Reached skill level 10 in Shields
 40687 | Shoals:3 | Offered knowledge of Spellforged Servitor by Vehumet.
 43489 | Shoals:4 | Entered Level 4 of the Shoals
 44515 | Snake:1  | Entered Level 1 of the Snake Pit
 44646 | Snake:1  | Reached skill level 16 in Air Magic
 45008 | Snake:1  | Found a runed translucent door.
 45264 | Snake:1  | Reached XP level 17. HP: 140/140 MP: 28/33
 45265 | Snake:1  | Noticed Jorgrun
 45284 | Snake:1  | Reached skill level 10 in Dodging
 45321 | Snake:1  | Killed Jorgrun
 45439 | Snake:1  | Offered knowledge of Iron Shot by Vehumet.
 47641 | Snake:2  | Reached skill level 10 in Stealth
 48609 | Snake:3  | Noticed Aizul
 49027 | Snake:3  | Noticed Louise
 49036 | Snake:3  | Killed Louise
 49324 | Snake:3  | Reached skill level 17 in Air Magic
 49598 | Snake:3  | Killed Aizul
 50657 | Snake:4  | Entered Level 4 of the Snake Pit
 50755 | Snake:4  | Offered knowledge of Ozocubu's Refrigeration by Vehumet.
 50796 | Snake:4  | Found Wuqirph's Weapon Shoppe.
 51084 | Snake:4  | Reached skill level 1 in Translocations
 51889 | Snake:4  | Reached XP level 18. HP: 147/147 MP: 32/35
 52081 | Snake:4  | Reached skill level 15 in Conjurations
 52441 | Snake:4  | Reached skill level 18 in Air Magic
 52745 | Snake:4  | Got a serpentine rune of Zot
 53981 | Shoals:4 | Offered knowledge of Lehudib's Crystal Spear by Vehumet.
 53981 | Shoals:4 | Offered knowledge of Shatter by Vehumet.
 53981 | Shoals:4 | Offered knowledge of Polar Vortex by Vehumet.
 54379 | Shoals:4 | Got a barnacled rune of Zot
 54425 | Shoals:4 | Reached skill level 5 in Translocations
 55284 | Vaults:1 | Entered Level 1 of the Vaults
 56600 | Vaults:1 | Reached skill level 19 in Air Magic
 57198 | Vaults:1 | Reached XP level 19. HP: 154/154 MP: 22/37
 57251 | Vaults:1 | Reached skill level 15 in Spellcasting
 60150 | Vaults:2 | Found a staircase to the Crypt.
 60150 | Vaults:2 | Found a basalt altar of Yredelemnul.
 60151 | Vaults:2 | Found an ancient bone altar of Kikubaaqudgha.
 60815 | Vaults:2 | Reached skill level 20 in Air Magic
 63951 | Vaults:3 | Found a runed translucent door.
 63951 | Vaults:3 | Noticed domi's ghost (adept DsWz)
 63981 | Vaults:3 | Found Qatod's Distillery.
 63998 | Vaults:3 | Reached XP level 20. HP: 135/161 MP: 34/40
 64773 | Vaults:3 | Bought 2 potions of curing for 114 gold pieces
 64773 | Vaults:3 | Bought a potion of invisibility for 152 gold pieces
 64773 | Vaults:3 | Bought a potion of curing for 57 gold pieces
 65909 | Vaults:4 | Found a crumbling gateway.
 65969 | Desolati | Entered the Desolation of Salt
 66043 | Desolati | HP: 1/161 [saltling (10)]
 66758 | Desolati | HP: 8/161 [poisoned by a guardian serpent (bolt of poison)]
 66763 | Desolati | HP: 5/161 [poisoned by a guardian serpent (bolt of poison)]
 67436 | Desolati | Reached skill level 21 in Air Magic
 67596 | Desolati | Got the Collected Works on Virous Feathers
 67598 | Desolati | Got Vets's Almanac of Arcane Weapons
 67600 | Desolati | Identified the amulet "Kuits" {Reflect rF- rC+++ Regen+
                  | Slay-3 SH+5}
 67656 | Desolati | Identified the ring of Upnug {Fly rN++ Dex-4}
 67662 | Desolati | Identified the ring of Qiruum {Ice rN+ Str+3 Int+5 Stlth-}
 67836 | Desolati | Identified the amulet of the Distant Future {Faith *Corrode
                  | rC+ Will+}
 67968 | Desolati | Killed from afar by a crystal guardian

Illustrated notes

Levels and vault maps discovered:
D:1:      lightli_arrival_boilingwater, layout_basic,
          chequers_ecumenical_altar_grove, corexii_item_surrounded_by_moat
D:2:      layout_basic
D:3:      minmay_evil_eye, layout_loops_ring,
          grunt_temple_overflow_gold_and_silver, nicolae_wu_jian_wuxing_cycle
D:4:      gammafunk_wand_slinger, layout_basic, minmay_temple_entry_junction_2
D:5:      layout_rooms, nicolae_uskayaw_murder_on_the_dancefloor,
          yredelemnul_altar_generic, hex_medium
D:6:      layout_loops_ring, serial_shops, nicolae_shop_stone,
          amcnicky_mini_corridor_feature, uniq_crazy_yiuf_cottage
D:7:      layout_loops_ring, makhleb_grotto_becter, tgw_kikubaaqudgha
D:8:      layout_basic, tso_oasis_becter, gammafunk_temple_overflow_pools,
          david_lair_generic, nicolae_ossuary_entry_false_entrances,
          minmay_lindwurm_lava
D:9:      layout_basic
D:10:     layout_irregular_city, grunt_temple_overflow_open, enter_bailey_2
D:11:     layout_cave_pods, uniq_sonja
D:12:     layout_roguey, orc_0_dummy
D:13:     layout_long_grid, serial_shops, nicolae_lakefront_shop,
          kennysheep_okawaru_gauntlet, uniq_kirke
D:14:     layout_roguey, david_vaults_1, minmay_crystal_room,
          einodemon_crawler_minivault, uniq_frances
D:15:     gammafunk_depths_entry_grave, layout_cave_pools,
          portal_ice_cave_entry_ice_statue_one, dk_noncrumbling_3
Temple:   dpeg_chambers_temple
Lair:1:   layout_hall_layers, grunt_megastairs_5
Lair:2:   layout_regular_city, chequers_serial_rivers_micro_c,
          nicolae_lair_lil_pond, st_stairs_4, lemuel_fruit_tree,
          infiniplex_staircase_pool, lemuel_fruit_fields
Lair:3:   layout_cave_pods, ice2_lemuel
Lair:4:   layout_concentric_octagons, elwin_shoals_entry_stream,
          guppyfry_snake_entry_island
Lair:5:   layout_cave_pods, slime_altar_1, ebering_ghost_funeral_grove,
          beast_lair_carwin_7
Lair:6:   hellmonk_lair_end_abyssal_woods, layout_regular_city,
          serial_bayou_shore_b, serial_bayou_shore_a
Shoals:1: layout_shoals
Shoals:2: layout_shoals, uniq_donald
Shoals:3: layout_shoals
Shoals:4: shoals_end_hellmonk_lost_city, serial_shops
Snake:1:  cheibrodos_toxic_ritual, layout_basic, uniq_jorgrun
Snake:2:  layout_rooms, grunt_megastairs_2
Snake:3:  layout_onion, uniq_louise, uniq_aizul
Snake:4:  snake_pit, layout_misc_corridors, minmay_shop_star
Orc:1:    layout_caves, nicolae_shop_firing_range, uniq_erolcha
Orc:2:    st_orc_rangers, layout_diamond_mine, mines3_lemuel
Vaults:1: st_octagons_2, v_misc_12, v_rooms_5, vaults_standard_mumra_x,
          ontoclasm_vaults_fault, nicolae_vaults_three_branches,
          nicolae_vaults_network_periphery, nicolae_vaults_big_ls,
          grunt_vaults_hallway_short, layout_vaults_omnigrid
Vaults:2: nicolae_vaults_puzzle_piece, ontoclasm_vaults_ring_small,
          minmay_crypt_entry_necro_gods, vaults_room_large_hall,
          ontoclasm_vaults_loading_screen, vaults_mumra_minichess, v_pattern_1,
          vaults_standard_mumra_lines, hangedman_vaults_maws, st_more_cells,
          vaults_room_grid, layout_vaults_ring
Vaults:3: gammafunk_ghost_grave, nicolae_vaults_twisting_passages,
          nicolae_vaults_little_ls, kb_rosetta,
          nicolae_vaults_mini_display_case, v_misc_19, nicolae_vaults_theta,
          grunt_vaults_focal, hangedman_vaults_capsules,
          nicolae_vaults_network_s, hangedman_vaults_snaps, v_misc_8,
          layout_vaults_omnibox, serial_shops, shop
Vaults:4: portal_desolation_entry_twin_temple, vaults_room_stairs_pillars,
          dpeg_vaults_pockets_of_resistance, grunt_vaults_diagonal,
          nicolae_vaults_little_squares_3, hangedman_vaults_stretched_pinwheel,
          hangedman_vaults_stitches, nicolae_vaults_little_squares_6,
          nicolae_vaults_asterisk, layout_vaults_big_cross
Desolation

Skill      XL: |  1  2  3  4  5  6  7  8  9 10 11 12 13 14 15 16 17 18 19 20 |
---------------+-------------------------------------------------------------+-----
Conjurations   | 2 3 4 5 6 8 9 10 11 12 13 14 16 17 | 17.8
Spellcasting   | 3 4 5 6 7 8 9 10 11 12 13 14 16 | 16.5
Air Magic      | 4 6 7 8 10 11 12 13 14 15 16 17 19 20 21 | 21.0
Dodging        | 3 4 6 7 8 9 10 | 10.0
Fighting       | 3 5 7 8 9 10 | 10.0
Evocations     | 3 5 6 7 8 9 10 | 10.0
Shields        | 3 4 6 7 8 9 10 | 10.0
Stealth        | 3 5 6 7 9 10 | 10.0
Ice Magic      | 3 5 6 8 |  8.0
Translocations | 2 5 |  5.0

Action                   |  1- 3 |  4- 6 |  7- 9 | 10-12 | 13-15 | 16-18 | 19-21 || total
-------------------------+-------+-------+-------+-------+-------+-------+-------++-------
Melee: Hand axe          |    25 |     2 |       |       |       |       |       ||    27
       Tailslap          |     2 |     4 |     1 |     5 |     6 |     1 |    35 ||    54
       Punch             |     1 |       |       |       |       |       |       ||     1
       Flail             |       |    18 |       |       |       |       |       ||    18
       Staff             |       |       |     6 |    23 |    16 |     8 |    22 ||    75
       Broad axe         |       |       |       |       |     9 |       |    97 ||   106
Throw: Throwing net      |       |       |     2 |       |       |       |       ||     2
 Cast: Shock             |    69 |   115 |   190 |   169 |       |       |       ||   543
       Static Discharge  |       |     7 |    75 |   213 |   251 |    54 |    55 ||   655
       Airstrike         |       |       |     5 |     1 |    49 |    13 |       ||    68
       Mephitic Cloud    |       |       |       |     5 |       |     1 |     1 ||     7
       Lightning Bolt    |       |       |       |    38 |   466 |   420 |   297 ||  1221
       Conjure Ball Ligh |       |       |       |       |    19 |    11 |    26 ||    56
       Freezing Cloud    |       |       |       |       |    69 |   373 |   144 ||   586
       Fulminant Prism   |       |       |       |       |       |     4 |       ||     4
       Swiftness         |       |       |       |       |       |       |     2 ||     2
       Blink             |       |       |       |       |       |       |     3 ||     3
 Abil: Breathe Lightning |       |       |     2 |       |     2 |     1 |     3 ||     8
Evoke: Condenser vane    |       |       |       |       |     1 |     1 |       ||     2
       Phantom mirror    |       |       |       |       |       |     1 |       ||     1
  Use: Scroll            |       |     6 |     7 |     6 |    15 |     5 |    11 ||    50
       Potion            |       |       |       |     1 |     5 |     1 |     2 ||     9
Armor: Skin              |    19 |    19 |    35 |    49 |   157 |   117 |   105 ||   501
Dodge: Dodged            |    40 |    35 |    58 |    53 |   127 |   178 |   138 ||   629
Block: Tower shield      |       |       |     1 |   166 |   374 |   438 |   365 ||  1344

Table legend: (Time is in decaauts)
 A = Elapsed time spent in this place.
 B = Non-inter-level travel time spent in this place.
 C = Inter-level travel time spent in this place.
 D = Time resting spent in this place.
 E = Time spent auto-exploring this place.
 F = Levels seen in this place.
 G = Mean time per level.
                   A        B        C        D        E       F      G
               +--------+--------+--------+--------+--------+-----+--------+
         Total |  68195 |  65399 |   2796 |  13521 |  40223 |  40 | 1704.9 |
       Dungeon |  21198 |  19924 |   1274 |   2506 |  14536 |  15 | 1413.2 |
        Temple |    388 |    388 |      0 |    313 |     29 |   1 |  388.0 |
          Lair |  11428 |  10795 |    633 |   2865 |   6020 |   6 | 1904.7 |
        Shoals |   8141 |   7842 |    299 |   2435 |   4160 |   4 | 2035.2 |
     Snake Pit |   8621 |   8418 |    203 |   1248 |   5658 |   4 | 2155.2 |
  Orcish Mines |   2619 |   2559 |     60 |    332 |   1698 |   2 | 1309.5 |
        Vaults |  10690 |  10365 |    325 |   2020 |   6221 |   4 | 2672.5 |
       Ossuary |    370 |    370 |      0 |      0 |    266 |   1 |  370.0 |
        Bailey |    722 |    722 |      0 |    132 |    361 |   1 |  722.0 |
      Ice Cave |   1974 |   1974 |      0 |    778 |    749 |   1 | 1974.0 |
    Desolation |   2038 |   2038 |      0 |    892 |    523 |   1 | 2038.0 |
               +--------+--------+--------+--------+--------+-----+--------+

Top non-repeatable levels by time:
Vaults:1: 4246 daAuts
Vaults:2: 3366 daAuts
Shoals:3: 3021 daAuts
 Snake:1: 2966 daAuts
Vaults:3: 2913 daAuts
  Lair:5: 2583 daAuts
 Snake:4: 2234 daAuts
    D:14: 2205 daAuts
  Lair:6: 2142 daAuts
Desolation: 2038 daAuts
  Lair:4: 2015 daAuts
   IceCv: 1974 daAuts
  Lair:2: 1939 daAuts
   Orc:2: 1845 daAuts
Shoals:4: 1843 daAuts
